 Dungeon Crawl Stone Soup version 0.19-a0-16-g2b77abf (webtiles) character file.

227308 aurelian the Warrior (level 18, -17/178 HPs)
             Began as a Grey Draconian Ice Elementalist on Apr 29, 2016.
             Was the Champion of Cheibriados.
             Demolished by a vault warden
             ... wielding a +0 battleaxe
              (45 damage)
             ... on level 1 of the Vaults.
             The game lasted 02:22:07 (42459 turns).

aurelian the Warrior (DrIE)                        Turns: 42459, Time: 02:22:07

Health: -17/178    AC: 22    Str: 29    XL:     18   Next: 67%
Magic:  10/26      EV: 41    Int: 34    God:    Cheibriados [******]
Gold:   1468       SH:  0    Dex: 39    Spells: 9 memorised, 7 levels left

rFire  . . .     SeeInvis +     a - +9 lajatang (elec)
rCold  + . .     Gourm    .     (armour unavailable)
rNeg   . . .     Faith    .     (shield currently unavailable)
rPois  .         Spirit   .     (helmet restricted)
rElec  .         Dismiss  .     H - +2 cloak "Ocapic" {+Blink Regen+ Str+3}
rCorr  .         Reflect  .     g - +2 pair of gloves {Dex+3}
SustAt .         Harm     .     T - +0 pair of boots
MR     +....                    (no amulet)
Stlth  ++++......               Z - ring of protection from cold
                                m - ring of see invisible

@: agile, very slow, somewhat resistant to hostile enchantments, stealthy
A: walk through water, unfitting armour, unbreathing, cold-blooded, AC +15
a: Bend Time, Temporal Distortion, Slouch, Step From Time, Renounce Religion,
Evoke Blink
}: 1/15 runes: gossamer


You were on level 1 of the Vaults.
You worshipped Cheibriados.
Cheibriados was exalted by your worship.
You were very hungry.

You visited 7 branches of the dungeon, and saw 35 of its levels.
You also visited: Ice Cave.

You collected 3296 gold pieces.
You spent 1828 gold pieces at shops.

Inventory:

Hand Weapons
 a - a +9 lajatang of electrocution (weapon)
 R - a +1 lajatang
Missiles
 B - 9 tomahawks of returning (quivered)
Armour
 g - a +2 pair of gloves of dexterity (worn)
 H - the +2 cloak "Ocapic" (worn) {+Blink Regen+ Str+3}
   (You found it on level 12 of the Dungeon)

   It affects your strength (+3).
   It lets you blink.
   It increases your rate of regeneration.
 T - a +0 pair of boots (worn)
Magical Staves
 b - an uncursed staff of conjuration
Jewellery
 k - an uncursed ring of flight
 m - a ring of see invisible (left hand)
 F - an uncursed ring of poison resistance
 O - the ring "Piluretz" {rF++ MR+ Stlth-}
   (You found it on level 10 of the Dungeon)

   [ring of loudness]

   It greatly protects you from fire.
   It affects your resistance to hostile enchantments.
   It makes you less stealthy.
 V - an uncursed ring of sustain attributes
 Z - a ring of protection from cold (right hand)
Wands
 s - a wand of digging (9/24)
 M - a wand of iceblast (9/15)
Scrolls
 c - 17 scrolls of remove curse
 h - 2 scrolls of teleportation
 j - 5 scrolls of amnesia
 l - 6 scrolls of identify
 n - 2 scrolls of fear
 q - 8 scrolls of magic mapping
 r - 5 scrolls of fog
 C - 2 scrolls of summoning
 D - 3 scrolls of enchant armour
 Q - 3 scrolls of blinking
 W - 2 scrolls of recharging
Potions
 p - 5 potions of ambrosia
 v - a potion of resistance
 w - a potion of heal wounds
 A - a potion of invisibility
 G - 9 potions of curing
 K - 2 potions of magic
 S - 3 potions of flight
 Y - 3 potions of brilliance
Miscellaneous
 J - a fan of gales
Comestibles
 d - 8 chunks of flesh
 e - 21 bread rations
 f - 8 beef jerkies
 i - 14 meat rations
 u - 36 fruits


   Skills:
 + Level 20.3 Fighting
   Level 0.2(9.3) Maces & Flails
 - Level 14.0 Staves
 - Level 0.3 Throwing
 + Level 18.0 Dodging
 - Level 2.0 Stealth
 - Level 5.5 Spellcasting
 - Level 5.0 Conjurations
 - Level 4.1 Summonings
 - Level 4.0 Translocations
 - Level 8.0 Ice Magic
 - Level 7.1 Invocations


You had 7 spell levels left.
You knew the following spells:

 Your Spells              Type           Power        Failure   Level  Hunger
a - Freeze                Ice            ####         1%          1    None
b - Throw Icicle          Conj/Ice       ######..     3%          4    ###....
c - Summon Ice Beast      Ice/Summ       ######..     4%          4    ###....
d - Ozocubu's Armour      Chrm/Ice       #####...     2%          3    None
e - Summon Butterflies    Summ           #####...     1%          1    None
f - Apportation           Tloc           #####.....   1%          1    None
g - Mephitic Cloud        Conj/Pois/Air  ###.....     8%          3    None
h - Passwall              Trmt/Erth      #.........   10%         2    None
i - Blink                 Tloc           N/A          1%          2    None


Dungeon Overview and Level Annotations

Branches:
Dungeon (15/15)            Temple (1/1) D:4            Lair (8/8) D:10
 Shoals (3/4) Lair:5       Spider (4/4) Lair:6        Slime (0/6) Lair:8
    Orc (2/2) D:10            Elf (0/3) Orc:2        Vaults (2/5) D:13
 Depths (0/5) D:15
  Crypt: Vaults:2-3

Altars:
Ashenzari
Cheibriados
Dithmenos
Elyvilon
Fedhas
Gozag
Kikubaaqudgha
Makhleb
Nemelex Xobeh
Okawaru
Pakellas
Qazlal
Ru
Sif Muna
Trog
Vehumet
Xom
Yredelemnul
Zin
The Shining One

Shops:
D:5 ((:((   D:6 !   D:12 }   D:13 *   Orc:2 :*:(   Shoals:1 (

Portals:
Trove: D:14 (give 7 potions of agility)

Annotations:
D:5 exclusion: hungry ghost


Innate Abilities, Weirdness & Mutations

You can walk through water.
Your dull iron-grey scales are very hard (AC +15).
Your body does not fit into most forms of armour.
You can survive without breathing.
You are cold-blooded and may be slowed by cold attacks.


Message History

You kill the ironbrand convoker!
Cheibriados appreciates the change of pace.
The deep troll completely misses you. The deep troll closely misses you.
The deep troll completely misses you.
You slash the vault warden!
The vault warden is lightly wounded.
The deep troll closely misses you. The deep troll misses you.
The deep troll claws you but does no damage.
You slice the vault warden!!
There is a sudden explosion of sparks!
The vault warden is heavily wounded.
The vault warden hits you with a battleaxe!!
* * * LOW HITPOINT WARNING * * *
The yaktaur misses you.
Unknown command.
Drink which item? (? for menu, Esc to quit)
You feel agile all of a sudden. The deep troll completely misses you.
The deep troll closely misses you. The deep troll completely misses you.
The vault warden hits you with a battleaxe!!!
You die...

#####........## ##..#(..8...#
....#.........###...+.(.....#
.#..#....#.....#...[#.......#
##..'...###.....(..)#.......#
.#..#..##
##.......)#####+#######
....#.##
##.......'(..(..#.....
#######
##....c..##..u...#.....
##...[)Tp###ph.T..+.....
##.....c@## #.cpcY.#.....
#......(## #.p..((#.....
######### #..)().#.....
#..))†.#..... #......#.....
#......#..... #......#.....
#......#..... ..#
#......#.....


You could see a vault warden, a deep troll and 2 yaktaurs.

Vanquished Creatures
  Kirke (D:12)
  Wiglaf (Spider:2)
  2 orc warlords (Orc:2)
  Louise (Shoals:2)
  6 emperor scorpions (Spider:4)
  7 ghost moths
  3 vault wardens (Vaults:1)
  A war gargoyle (D:10)
  A stone giant (Vaults:1)
  4 ironheart preservers (Vaults:1)
  A dire elephant (D:15)
  Snorg (D:11)
  A spark wasp (Spider:4)
  A merfolk javelineer (Shoals:1)
  3 vault guards
  3 merfolk impalers
  2 hydras
  An entropy weaver (Spider:2)
  The ghost of gg19 the Thrower, a journeyman HaAs of Fedhas (D:10)
  3 centaur warriors
  7 merfolk aquamancers
  5 satyrs
  4 ogre magi
  15 death yaks
  A deep troll shaman (Vaults:1)
  A tengu warrior (D:10)
  A queen ant (Lair:8)
  An orc high priest (Orc:2)
  2 deep troll earth magi (Vaults:1)
  2 fire crabs (Vaults:1)
  3 skeletal warriors
  An iron troll (Orc:2)
  3 wizards
  10 deep trolls
  8 sea snakes
  A flayed ghost (D:10)
  An unseen horror (D:10)
  4 ironbrand convokers (Vaults:1)
  13 hill giants
  3 orc knights (Vaults:1)
  An orc sorcerer (Orc:2)
  12 harpies
  A necromancer (Vaults:1)
  A wolf spider zombie (D:15)
  7 ugly things
  9 griffons
  A deep elf mage (D:15)
  10 manticores
  15 orb spiders
  4 hornets
  24 wolf spiders
  20 fauns
  A hornet (shapeshifter) (D:13)
  10 cyclopes
  A salamander (D:15)
  2 moths of wrath
  2 ice statues (IceCv)
  2 vault sentinels (Vaults:1)
  2 black mambas
  8 sirens
  3 torpor snails
  A water nymph (Shoals:1)
  10 spiny frogs
  2 centaur zombies
  A gargoyle (D:14)
  10 demonic crawlers
  6 kobold demonologists
  An efreet (D:15)
  2 rime drakes
  2 freezing wraiths (D:15)
  7 yaktaurs (Vaults:1)
  7 komodo dragons
  3 harpy zombies (Shoals:2)
  A spriggan druid (Lair:8)
  10 ice devils (IceCv)
  5 tengu conjurers
  6 polar bears
  16 merfolk
  A wind drake (Shoals:1)
  A polar bear (shapeshifter) (Vaults:1)
  26 jumping spiders
  11 two-headed ogres
  13 trolls
  12 blink frogs
  A wolf spider simulacrum (D:13)
  2 boulder beetles
  A griffon zombie (Shoals:2)
  9 slime creatures
  9 snapping turtles
  15 spriggans (Lair:8)
  85 redbacks
  50 yaks
  23 tarantellas
  A hog (D:12)
  9 vampire mosquitoes
  2 basilisks
  A hungry ghost (D:14)
  10 water elementals
  17 hippogriffs
  Menkaure (D:5)
  The ghost of nulledvoid the Shooter, an amateur HEHu of Ru (D:4)
  3 wargs
  5 soldier ants (Lair:8)
  Duvessa (D:5)
  12 water moccasins
  7 porcupines
  An ice beast (D:15)
  A sky beast (D:5)
  An ettin simulacrum (Vaults:1)
  8 wasps
  27 ogres
  7 black bears (Lair:8)
  14 orc warriors
  An eye of draining (D:12)
  4 phantoms
  20 centaurs
  21 wolves
  15 crocodiles
  4 big kobolds
  11 giant frogs
  A gnoll sergeant (D:11)
  A wyvern skeleton (D:13)
  3 scorpions
  Dowan (D:5)
  A human simulacrum (Vaults:1)
  10 killer bees
  6 wights
  4 howler monkeys
  12 jellies
  5 crimson imps
  3 giant frog zombies
  8 hounds
  A quasit (D:10)
  A wasp zombie (D:10)
  7 centaur skeletons
  3 giant frog skeletons
  7 orc priests
  18 orc wizards
  8 iguanas
  37 worker ants
  35 sheep
  3 hound zombies
  A hound skeleton (D:9)
  7 gnolls
  11 adders
  69 river rats
  2 shadow imps
  17 white imps
  11 ufetubi (IceCv)
  An ooze (D:3)
  2 adder zombies
  3 adder skeletons
  A worm (D:3)
  2 dart slugs
  5 giant geckos
  58 orcs
  2 ball pythons
  A giant cockroach (D:1)
  5 goblins
  6 hobgoblins
  9 jackals
  10 kobolds
  10 quokkas
  7 bats
  A giant gecko zombie (D:5)
  6 giant newts
  3 quokka skeletons
  5 rats
  A spectral orc (D:4)
  A bush (Lair:8)
  A fungus (Lair:8)
  A plant (Lair:8)
1254 creatures vanquished.

Vanquished Creatures (collateral kills)
  A vault warden (Vaults:1)
  4 hydras
  2 sea snakes (Shoals:3)
  A hill giant (D:8)
  A wolf spider (Spider:4)
  A manticore (Lair:5)
  An orb spider (Spider:4)
  A vault sentinel (Vaults:1)
  2 spiny frogs (Lair:1)
  7 black mambas
  3 komodo dragons
  A rime drake (Lair:5)
  A yaktaur (Vaults:1)
  A two-headed ogre (D:8)
  2 blink frogs
  A redback (Spider:2)
  11 yaks
  A human (D:7)
  4 hungry ghosts
  2 hippogriffs
  A basilisk (Lair:1)
  2 wargs (Orc:2)
  3 water moccasins
  A porcupine (Lair:2)
  An ice beast (D:6)
  A phantom (D:10)
  An orc warrior (D:8)
  A wasp (D:6)
  3 ogres
  A wolf (Lair:5)
  A centaur (D:7)
  5 crocodiles
  3 giant frogs
  5 electric eels
  2 crimson imps
  A hound (D:8)
  6 jellies (Lair:8)
  3 orc wizards (D:8)
  An orc priest (Orc:2)
  A worker ant (D:8)
  A sheep (D:7)
  21 river rats
  An adder (D:10)
  An ufetubus (IceCv)
  11 orcs
  A jackal (D:6)
  A quokka (D:8)
  A fungus (Lair:4)
  2 plants
131 creatures vanquished.

Vanquished Creatures (others)
  A ghost moth (Spider:4)
  An ugly thing (Vaults:1)
  A faun (Shoals:2)
  A vault sentinel (Vaults:1)
  2 humans (D:12)
  A giant frog (D:15)
  An ufetubus (IceCv)
  An orc (D:12)
  A kobold (D:15)
  2 bushes (D:11)
  A butterfly (Lair:2)
  37 fungi
  32 plants
82 creatures vanquished.

Grand Total: 1467 creatures vanquished

Notes
Turn   | Place    | Note
--------------------------------------------------------------
     0 | D:1      | aurelian the Draconian Ice Elementalist began the quest for the Orb.
     0 | D:1      | Reached XP level 1. HP: 14/14 MP: 3/3
   421 | D:1      | You fall through a shaft!
   454 | D:1      | Reached XP level 2. HP: 4/20 MP: 0/5
  1232 | D:2      | Reached XP level 3. HP: 26/26 MP: 4/6
  1382 | D:2      | Found a bloodstained altar of Trog.
  2487 | D:3      | Reached XP level 4. HP: 33/33 MP: 2/7
  2645 | D:3      | Reached skill level 5 in Ice Magic
  3097 | D:4      | Reached XP level 5. HP: 35/39 MP: 2/8
  3432 | D:4      | Reached skill level 1 in Fighting
  3432 | D:4      | Reached XP level 6. HP: 20/47 MP: 0/9
  3750 | D:4      | Found a basalt altar of Yredelemnul.
  3886 | D:4      | Found a staircase to the Ecumenical Temple.
  4122 | D:5      | Entered Level 5 of the Dungeon
  4429 | D:5      | Noticed Menkaure
  4437 | D:5      | Killed Menkaure
  4573 | D:5      | Found Wawiesum's Antique Weapon Emporium.
  4582 | D:5      | Your scales start taking on a dull iron-grey colour.
  4582 | D:5      | Reached XP level 7. HP: 52/52 MP: 7/12
  4582 | D:5      | Gained mutation: You can survive without breathing. [Grey Draconian growth]
  4588 | D:5      | Learned a level 4 spell: Throw Icicle
  4593 | D:5      | Learned a level 4 spell: Summon Ice Beast
  4657 | D:5      | Found Gysyo's Antique Weapon Shoppe.
  4666 | D:5      | Found Liegum's Antique Weapon Shoppe.
  4694 | D:5      | Found Ycearut's Book Boutique.
  4733 | D:5      | Found a sacrificial altar of Ru.
  4849 | D:5      | Found Caug's Antique Weapon Shop.
  5182 | D:5      | Noticed Duvessa
  5182 | D:5      | Noticed Dowan
  5353 | D:4      | Noticed nulledvoid's ghost (amateur HEHu)
  5394 | Temple   | Entered the Ecumenical Temple
  5547 | D:4      | Killed nulledvoid's ghost
  5647 | D:4      | Found an oddly glowing altar of Pakellas.
  5658 | D:4      | Reached skill level 5 in Spellcasting
  6190 | D:5      | Reached XP level 8. HP: 34/59 MP: 4/15
  6326 | D:5      | Learned a level 3 spell: Ozocubu's Armour
  6375 | D:5      | Killed Duvessa
  6393 | D:5      | Killed Dowan
  6604 | D:5      | Reached skill level 5 in Conjurations
  6722 | D:5      | Reached skill level 1 in Summonings
  7331 | D:5      | Bought a runed lajatang for 300 gold pieces
  7391 | D:4      | Reached skill level 2 in Fighting
  7435 | Temple   | Became a worshipper of Cheibriados the Contemplative
  7586 | D:6      | Reached skill level 1 in Staves
  7586 | D:6      | Reached skill level 1 in Invocations
  7615 | D:6      | Found Vycidoalio's Distillery.
  7657 | D:6      | Paralysed by a wasp for 3 turns
  7666 | D:6      | Reached skill level 3 in Fighting
  8175 | D:6      | Reached XP level 9. HP: 70/70 MP: 8/17
  8313 | D:6      | Reached * piety under Cheibriados
  8525 | D:7      | Found a shattered altar of Ashenzari.
  8536 | D:7      | Reached skill level 4 in Fighting
  8721 | D:7      | Found a white marble altar of Elyvilon.
  9264 | D:7      | Reached skill level 5 in Fighting
  9309 | D:7      | Learned a level 1 spell: Summon Butterflies
  9311 | D:7      | Learned a level 1 spell: Apportation
  9497 | D:8      | Reached ** piety under Cheibriados
  9571 | D:8      | Found a blossoming altar of Fedhas.
  9605 | D:8      | Reached skill level 5 in Invocations
  9926 | D:8      | Reached skill level 5 in Staves
 10345 | D:8      | Noticed a hill giant
 10355 | D:8      | Killed a hill giant
 10488 | D:8      | Reached *** piety under Cheibriados
 10498 | D:8      | Reached XP level 10. HP: 50/81 MP: 4/18
 11323 | D:9      | Found a radiant altar of Vehumet.
 11572 | D:10     | Entered Level 10 of the Dungeon
 11572 | D:10     | Noticed gg19's ghost (journeyman HaAs)
 11581 | D:10     | Killed gg19's ghost
 11694 | D:10     | Reached **** piety under Cheibriados
 11708 | D:10     | Noticed a tengu warrior
 11717 | D:10     | Got a smoking steel ring
 11718 | D:10     | Identified the ring "Piluretz" {rF++ MR+ Stlth-} (You found it on level 10 of the Dungeon)
 11722 | D:10     | Found a large runed door.
 11722 | D:10     | Found a large runed door.
 11723 | D:10     | Noticed a skeletal warrior
 11723 | D:10     | Noticed a skeletal warrior
 11730 | D:10     | Killed a tengu warrior
 11735 | D:10     | Found a staircase to the Orcish Mines.
 12021 | D:10     | Reached skill level 5 in Dodging
 12105 | D:10     | Killed a skeletal warrior
 12276 | D:10     | Reached XP level 11. HP: 75/86 MP: 19/19
 12320 | D:10     | Found a staircase to the Lair.
 12343 | Lair:1   | Entered Level 1 of the Lair of Beasts
 12364 | Lair:1   | Learned a level 3 spell: Mephitic Cloud
 12636 | Lair:1   | Reached ***** piety under Cheibriados
 12782 | Lair:1   | Reached skill level 10 in Staves
 14673 | Lair:2   | Noticed a four-headed hydra
 14999 | Lair:2   | Killed a four-headed hydra
 15405 | Lair:3   | Reached skill level 6 in Fighting
 15558 | Lair:3   | Noticed a death yak
 15561 | Lair:3   | Noticed a death yak
 15562 | Lair:3   | Noticed a death yak
 15563 | Lair:3   | Noticed a death yak
 15670 | Lair:3   | Killed a death yak
 15810 | Lair:3   | Reached ****** piety under Cheibriados
 16331 | Lair:3   | Killed a death yak
 16331 | Lair:3   | Reached XP level 12. HP: 97/97 MP: 16/20
 16336 | Lair:3   | Killed a death yak
 16346 | Lair:3   | Killed a death yak
 16346 | Lair:3   | Reached skill level 7 in Fighting
 16933 | Lair:4   | Noticed an eight-headed hydra
 16943 | Lair:4   | Killed an eight-headed hydra
 17067 | Lair:4   | Upgraded the game from 0.19-a0-13-gc67dc5e to 0.19-a0-16-g2b77abf
 18390 | Lair:5   | Found a staircase to the Shoals.
 18529 | Lair:5   | Reached skill level 8 in Fighting
 19357 | Lair:6   | Found a hole to the Spider Nest.
 20230 | Lair:6   | Reached XP level 13. HP: 110/110 MP: 21/21
 20257 | Lair:6   | Learned a level 2 spell: Passwall
 20398 | Lair:7   | Found a frozen archway.
 20472 | IceCv    | Entered an ice cave
 20955 | IceCv    | Reached skill level 9 in Fighting
 22397 | Lair:8   | Entered Level 8 of the Lair of Beasts
 22524 | Lair:8   | Reached skill level 10 in Fighting
 22679 | Lair:8   | Found a staircase to the Slime Pits.
 22949 | Lair:8   | Reached skill level 10 in Dodging
 23104 | Lair:8   | Reached skill level 11 in Fighting
 23447 | Lair:8   | Reached XP level 14. HP: 124/124 MP: 22/22
 23967 | Lair:8   | Reached skill level 12 in Fighting
 25081 | D:10     | Noticed a war gargoyle
 25088 | D:10     | Killed a war gargoyle
 25101 | D:10     | Reached skill level 13 in Fighting
 25114 | D:10     | Found a white marble altar of Elyvilon.
 25119 | D:10     | Found a sparkling altar of Nemelex Xobeh.
 25553 | D:11     | Noticed Snorg
 25578 | D:11     | Killed Snorg
 26842 | D:12     | Noticed Kirke
 26850 | D:12     | Killed Kirke
 26882 | D:12     | Got a bloodstained cloak
 26893 | D:12     | Identified the +2 cloak "Ocapic" {+Blink Regen+ Str+3} (You found it on level 12 of the Dungeon)
 27253 | D:12     | Found Kaoskil's Gadget Shop.
 27569 | D:13     | Found Xonaics Zaax's Assorted Antiques.
 27575 | D:13     | Bought a potion of curing for 75 gold pieces
 27575 | D:13     | Bought a scroll of teleportation for 75 gold pieces
 27575 | D:13     | Bought a pair of glowing gloves for 112 gold pieces
 27611 | D:13     | Found a gate to the Vaults.
 27852 | D:13     | Reached skill level 14 in Fighting
 28027 | D:13     | Reached XP level 15. HP: 138/138 MP: 23/23
 28333 | D:14     | Found a portal to a secret trove of treasure.
 28607 | D:14     | Found a glowing golden altar of the Shining One.
 28889 | D:15     | Entered Level 15 of the Dungeon
 29552 | D:15     | Found a staircase to the Depths.
 30051 | D:14     | Reached skill level 15 in Fighting
 30357 | Spider:1 | Entered Level 1 of the Spider Nest
 30572 | Orc:1    | Entered Level 1 of the Orcish Mines
 30764 | Orc:2    | Entered Level 2 of the Orcish Mines
 30943 | Orc:2    | Noticed an orc warlord
 30965 | Orc:2    | Killed an orc warlord
 31209 | Orc:2    | Found Yheyjos's Weapon Boutique.
 31210 | Orc:2    | Noticed an orc warlord
 31231 | Orc:2    | Killed an orc warlord
 31311 | Orc:2    | Found Igamnecirch's Book Emporium.
 31312 | Orc:2    | Found Fakk's Assorted Antiques.
 31313 | Orc:2    | Found a staircase to the Elven Halls.
 31324 | Orc:2    | Found Vurhas's Book Shoppe.
 31355 | Orc:2    | Bought a scroll of blinking for 255 gold pieces
 31355 | Orc:2    | Bought a potion of curing for 102 gold pieces
 31355 | Orc:2    | Bought a small coral ring for 170 gold pieces
 31365 | Orc:2    | Bought the Incunabulum of Translocation and Ice for 739 gold pieces
 31368 | Orc:2    | Learned a level 2 spell: Blink
 31792 | Shoals:1 | Entered Level 1 of the Shoals
 32108 | Shoals:1 | Reached XP level 16. HP: 151/151 MP: 24/24
 32149 | Shoals:1 | Reached skill level 16 in Fighting
 32620 | Shoals:1 | Found Xuinioxt's Antique Weapon Boutique.
 33662 | Shoals:2 | Reached skill level 15 in Dodging
 33854 | Shoals:2 | Noticed Louise
 33873 | Shoals:2 | Killed Louise
 34002 | Shoals:2 | Reached skill level 17 in Fighting
 35698 | Shoals:3 | Reached skill level 1 in Translocations
 36422 | Spider:1 | Reached XP level 17. HP: 163/163 MP: 20/25
 37201 | Spider:2 | Reached skill level 18 in Fighting
 37252 | Spider:2 | Noticed Wiglaf
 37269 | Spider:2 | Killed Wiglaf
 38187 | Spider:3 | Identified Ocialy's Compendium of Harmful Transmigration
 39192 | Spider:4 | Entered Level 4 of the Spider Nest
 39805 | Spider:4 | Reached skill level 19 in Fighting
 40279 | Spider:4 | Reached XP level 18. HP: 176/176 MP: 26/26
 40325 | Spider:4 | Got a gossamer rune of Zot
 40947 | Vaults:1 | Entered Level 1 of the Vaults
 42178 | Vaults:1 | Reached skill level 20 in Fighting
 42459 | Vaults:1 | Demolished by a vault warden

Vault maps used:
D:1:      kennysheep_arrival_seaside, grunt_decor_cap
D:2:      marbit_many_paths, first_bread, hangedman_decor_push,
          minmay_misc_feat_x
D:4:      yredelemnul_forgotten_temple_becter, grunt_pakellas_basics,
          minmay_temple_entry_glassed_door
D:5:      kennysheep_little_box, serial_shops, nicolae_shop_behind_doors,
          nicolae_shop_crystal, shop, shop, nicolae_shop_overgrown_old_shop,
          uniq_duvessa, uniq_menkaure
D:6:      serial_shops, nicolae_shop_trees, st_stairs_13
D:7:      evilmike_ruin_ashenzari, nicolae_overflow_crystal_walls,
          grunt_livestock, corexii_hall_statues_x
D:8:      fedhas_altar_2
D:9:      vehumet_altar_wand_db
D:10:     dpeg_lair_monsters, orc_0_dummy, jmf_multi_god_temple2
D:11:     serial_park, serial_park_square1, serial_park_square3,
          serial_park_square1, serial_park_gazebo, uniq_snorg
D:12:     serial_shops, nicolae_shop_trees, uniq_kirke
D:13:     david_vaults_5, serial_shops, shop_statue
D:14:     tso_metal_star, enter_trove_2
D:15:     hangedman_depths_entry_try_elsewhere_first, spider_trap,
          grunt_ministairs_3
Temple:   circular_temple_12
Lair:1:   hibernation_bobbens, grunt_megastairs_5, serial_bayou_shore_b
Lair:2:   nicolae_quartered_pool_super, infiniplex_staircase_pool,
          lemuel_fruit_fields
Lair:3:   grunt_megastairs_1
Lair:4:   columned_hall_lemuel, grunt_megastairs_4
Lair:5:   minmay_shoals_entry_beasts
Lair:6:   nicolae_spider_entry_tight_spaces, roderic_lost_polar_bear,
          serial_bayou_shore_a
Lair:7:   portal_ice_cave_entry_imps
Lair:8:   minmay_lair_end_enchanted_forest, minmay_slime_entry_jelly_boxes,
          hangedman_lair_unloving_vines, eino_small_chamber_without_monster,
          minmay_hedge_maze, minivault_23, zaba_antful_of_joy,
          lemuel_fruit_fields
Shoals:1: cheibrodos_shoals_oceanic_diplomacy, serial_shops, shop
Shoals:2: nicolae_shoals_undead_eyrie, uniq_louise
Shoals:3: nicolae_shoals_aquamancer_cove
Spider:2: uniq_wiglaf
Spider:4: grunt_spider_rune_circles
Orc:1:    nicolae_volcano_entry_s_turn
Orc:2:    st_orc_open
Vaults:1: nicolae_vaults_windows_and_doors_thing,
          nicolae_vaults_big_angled_halls, v_misc_4,
          nicolae_vaults_shelves_hall, vaults_mumra_minichess_inversion,
          nicolae_vaults_an_arrangement, ontoclasm_vaults_bender,
          hangedman_vaults_stream, vaults_room_pool, serial_ice_h,
          nicolae_vaults_little_squares_6, vaults_room_pools, serial_shops, shop
Vaults:2: v_rooms_6, hangedman_vaults_hat, minmay_crypt_entry_skeletal_spiral,
          hangedman_vaults_river_flow, v_rooms_6, ontoclasm_vaults_ligature,
          v_misc_14, hangedman_vaults_stagger, nicolae_vaults_little_squares_3,
          vaults_dpeg_spiral, v_misc_9, serial_shops, shop, uniq_jorgrun,
          uniq_margery, uniq_sojobo
IceCv:    ice_cave_small_demon

Skill      XL: |  1  2  3  4  5  6  7  8  9 10 11 12 13 14 15 16 17 18 |
---------------+-------------------------------------------------------+-----
Ice Magic      | 4 5 6 7 8 |  8.0
Fighting       | 1 3 5 6 8 11 14 15 17 19 20 | 20.3
Spellcasting   | 3 5 |  5.5
Stealth        | 2 |  2.0
Conjurations   | 3 5 |  5.0
Summonings     | 3 4 |  4.1
Staves         | 2 5 9 11 13 14 | 14.0
Invocations    | 2 6 7 |  7.1
Dodging        | 2 5 7 8 10 12 14 15 17 18 | 18.0
Translocations | 1 4 |  4.0
Maces & Flails | |  0.2
Throwing       | |  0.3

Action                   |  1- 3 |  4- 6 |  7- 9 | 10-12 | 13-15 | 16-18 || total
-------------------------+-------+-------+-------+-------+-------+-------++-------
Melee: Flail             |     1 |    20 |       |       |       |       ||    21
       Tailslap          |       |     1 |    14 |   121 |   287 |   327 ||   750
       Trident           |       |     9 |    60 |       |       |       ||    69
       Lajatang          |       |       |    92 |   501 |  1227 |  1186 ||  3006
Throw: Stone             |       |    11 |       |       |       |       ||    11
 Cast: Freeze            |    71 |    72 |   140 |     8 |    10 |     6 ||   307
       Throw Icicle      |       |       |     1 |     3 |    25 |    48 ||    77
       Summon Ice Beast  |       |       |    34 |   147 |    40 |    30 ||   251
       Ozocubu's Armour  |       |       |       |       |     4 |    10 ||    14
       Blink             |       |       |       |       |       |     1 ||     1
Invok: Temporal Distorti |       |       |       |     2 |     4 |    23 ||    29
       Slouch            |       |       |       |       |     4 |     6 ||    10
       Bend Time         |       |       |       |       |       |     1 ||     1
Evoke: Wand              |       |       |       |       |     4 |       ||     4
  Use: Scroll            |       |       |    17 |    23 |    11 |     7 ||    58
       Potion            |       |       |     1 |     1 |     2 |     6 ||    10
 Stab: Sleeping          |       |     1 |     3 |     3 |    14 |     7 ||    28
       Distracted        |       |       |       |     9 |     3 |     7 ||    19
       Invisible         |       |       |       |       |       |     5 ||     5
  Eat: Chunk             |     6 |     7 |    23 |    20 |    22 |    19 ||    97
       Royal jelly       |       |       |     1 |     1 |       |       ||     2
       Fruit             |       |       |     1 |     1 |       |     9 ||    11
       Beef jerky        |       |       |     1 |     1 |       |       ||     2
       Pizza             |       |       |     1 |     3 |     5 |     3 ||    12
Armor: Skin              |    10 |    31 |   156 |   156 |   201 |   269 ||   823
Dodge: Dodged            |    30 |    52 |   197 |   504 |  1371 |  1945 ||  4099
